 Dungeon Crawl Stone Soup version 0.19-a0 (webtiles) character file.

12317 Loki the Grappler (level 11, -1/105 HPs)
             Began as a Troll Monk on Apr 27, 2016.
             Was the Champion of Cheibriados.
             Slain by a seven-headed hydra (5 damage)
             ... on level 12 of the Dungeon.
             The game lasted 00:59:14 (8722 turns).

Loki the Grappler (Troll Monk)                      Turns: 8722, Time: 00:59:15

Health: -1/105     AC:  8    Str: 47    XL:     11   Next: 60%
Magic:  0/14       EV: 11    Int: 24    God:    Cheibriados [******]
Gold:   333        SH: 21    Dex: 23    Spells: 0 memorised, 10 levels left

rFire  + . .     SeeInvis +       - Unarmed
rCold  x . .     Gourm    +     a - +0 robe
rNeg   . . .     Faith    .     O - +0 large shield
rPois  +         Spirit   +     (helmet restricted)
rElec  .         Dismiss  .     W - +2 cloak of the Thief {+Fog Slay-2 SInv Stlth+}
rCorr  .         Reflect  .     (gloves unavailable)
SustAt .         Harm     .     (boots unavailable)
MR     .....                    Z - amulet of guardian spirit
Stlth  ++++......               Y - +3 ring of strength
                                P - ring "Isymmico" {Fire rPois Str+8 Dex-4 Stlth+}

@: very slow, not resistant to hostile enchantments, stealthy
A: unfitting armour, claws 3, fast metabolism 3, gourmand, regeneration 2,
shaggy fur 1, tough skin 2
a: Bend Time, Temporal Distortion, Slouch, Step From Time, Renounce Religion,
Evoke Fog


You were on level 12 of the Dungeon.
You worshipped Cheibriados.
Cheibriados was exalted by your worship.
You were very full.

You visited 2 branches of the dungeon, and saw 13 of its levels.
You also visited: Ossuary.

You collected 625 gold pieces.
You spent 292 gold pieces at shops.

Inventory:

Missiles
 d - 2 throwing nets
 l - 5 large rocks (quivered)
 r - 73 poisoned needles
 w - 2 curare-tipped needles
 z - 2 needles of sleeping
Armour
 a - a +0 robe (worn)
 O - a +0 large shield (worn)
 W - the +2 cloak of the Thief (worn) {+Fog Slay-2 SInv Stlth+}
   (You found it on level 9 of the Dungeon)

   It affects your accuracy and damage with ranged weapons and melee attacks
   (-2).
   It lets you see invisible.
   It can be evoked to emit clouds of fog.
   It makes you more stealthy.
Magical Staves
 K - an uncursed staff of air {unknown}
 N - an uncursed staff of energy {unknown}
Jewellery
 q - an uncursed ring of flight
 P - the ring "Isymmico" (left claw) {Fire rPois Str+8 Dex-4 Stlth+}
   (You found it on level 7 of the Dungeon)

   [ring of fire]

   It enhances your fire magic, and weakens your ice magic.
   It affects your strength (+8).
   It affects your dexterity (-4).
   It protects you from fire.
   It makes you vulnerable to cold.
   It protects you from poison.
   It makes you more stealthy.
 V - an uncursed ring of wizardry
 Y - a +3 ring of strength (right claw)
 Z - an amulet of guardian spirit (around neck)
Wands
 v - a wand of enslavement (12/24)
 y - a wand of lightning (6/15)
 M - a wand of heal wounds (8/9)
 R - a wand of iceblast (13/15)
Scrolls
 h - 7 scrolls of recharging
 i - 4 scrolls of magic mapping {unknown}
 j - 7 scrolls of remove curse
 m - 2 scrolls of immolation
 o - 4 scrolls of enchant armour {unknown}
 p - 2 scrolls of fear {unknown}
 A - a scroll of amnesia {unknown}
 B - 2 scrolls of blinking {unknown}
 C - 3 scrolls of fog {unknown}
 F - 4 scrolls of teleportation {unknown}
 G - 4 scrolls of noise {unknown}
 H - 2 scrolls of random uselessness {unknown}
 L - a scroll of vulnerability {unknown}
 S - a scroll of enchant weapon {unknown}
 X - a scroll of acquirement {unknown}
Potions
 e - 3 potions of flight
 f - 3 potions of lignification
 g - 2 potions of cancellation
 n - 5 potions of curing {unknown}
 x - 2 potions of might
 D - 2 potions of heal wounds
 E - 3 potions of ambrosia
 I - 2 potions of brilliance {unknown}
 U - a potion of degeneration {unknown}
Comestibles
 b - 10 bread rations
 c - 12 royal jellies
 k - 6 meat rations
 s - 14 fruits
 t - 4 beef jerkies
 J - 2 slices of pizza


   Skills:
 + Level 6.2 Fighting
 + Level 8.6 Throwing
 + Level 4.6 Dodging
 - Level 1.1 Stealth
 + Level 5.7 Shields
 * Level 10.8 Unarmed Combat
 + Level 5.8 Invocations


You had 10 spell levels left.
You didn't know any spells.

Dungeon Overview and Level Annotations

Branches:
Dungeon (12/15)            Temple (1/1) D:4            Lair (0/8) D:8
    Orc (0/2) D:10

Altars:
Ashenzari
Cheibriados
Dithmenos
Fedhas
Makhleb
Nemelex Xobeh
Okawaru
Pakellas
Qazlal
Ru
Trog
Vehumet
Xom
Yredelemnul
Zin
The Shining One

Shops:
D:12 =

Annotations:
D:6 2 exclusions


Innate Abilities, Weirdness & Mutations

You are too large for most types of armour.
You have claws for hands.
Your metabolism is lightning-fast.
You like to eat raw meat.
You heal very quickly.
You are covered in fur (AC +1).
You have very tough skin (AC +2).


Message History

You feel much better.
You block the seven-headed hydra's attack. x2
The seven-headed hydra completely misses you.
The seven-headed hydra bites you. The seven-headed hydra bites you!
* * * LOW HITPOINT WARNING * * *
The seven-headed hydra bites you!
* * * LOW HITPOINT WARNING * * *
The seven-headed hydra bites you but does no damage.
Read which item? (? for menu, Esc to quit)
As you read the scroll labeled ZULESE MOCZI, it crumbles to dust.
It is a scroll of recharging.
Charge which item? (? for menu, Esc to quit)
Your wand of heal wounds (4/9) glows for a moment and now has 8 charges.
The seven-headed hydra closely misses you. x2
The seven-headed hydra bites you!
* * * LOW HITPOINT WARNING * * *
You block the seven-headed hydra's attack. x2
The seven-headed hydra barely misses you.
The seven-headed hydra bites you.
You die...

####.# ..##.#
################.
#.##.#
#........@DC((...
#.#..#
#.##############(
.....###.#
......##.######
...............#
......##..####.#
.#...###..#
###.........
#..###..###


You could see a seven-headed hydra and a cyclops.

Vanquished Creatures
  The ghost of st0uf the Covered, a novice FoAK of Lugonu (D:7)
  An unseen horror (D:10)
  A hill giant (D:10)
  A cyclops (D:12)
  A troll (D:10)
  A vampire (D:12)
  A wyvern (D:8)
  15 yaks
  A hungry ghost (D:10)
  Grum (D:9)
  A hippogriff (D:7)
  A water moccasin (D:11)
  2 sky beasts (D:10)
  7 orc warriors
  2 ice beasts
  3 phantoms
  A wasp (D:9)
  4 wolves (D:9)
  11 ogres
  4 centaurs
  3 big kobolds (D:10)
  6 giant frogs
  4 gnoll sergeants
  6 killer bees (D:10)
  A scorpion (D:10)
  A troll zombie (Ossuary)
  20 wights
  2 howler monkeys
  3 giant frog zombies
  3 crimson imps
  A wasp zombie (D:7)
  2 centaur zombies
  9 orc wizards
  10 hounds
  4 giant frog skeletons
  6 orc priests
  5 jellies (D:9)
  2 iguanas
  8 worker ants
  A killer bee zombie (D:8)
  3 ogre zombies (Ossuary)
  3 big kobold zombies (Ossuary)
  3 hound skeletons
  7 mummies (Ossuary)
  A worker ant zombie (D:5)
  14 gnolls
  15 adders
  3 shadow imps
  5 oozes (D:9)
  An adder skeleton (D:10)
  2 adder zombies (Ossuary)
  4 worms
  2 dart slugs
  4 giant geckos
  38 orcs
  4 bats
  3 giant cockroaches
  4 goblins
  8 hobgoblins
  9 jackals
  4 quokkas
  2 ball pythons
  4 giant newts
  3 goblin zombies (Ossuary)
  4 hobgoblin zombies (Ossuary)
  2 kobolds
  A kobold zombie (Ossuary)
  2 orc zombies (Ossuary)
  6 quokka zombies (Ossuary)
  9 rats
  4 rat zombies (Ossuary)
331 creatures vanquished.

Notes
Turn   | Place    | Note
--------------------------------------------------------------
     0 | D:1      | Loki the Troll Monk began the quest for the Orb.
     0 | D:1      | Reached XP level 1. HP: 22/22 MP: 0/0
   170 | D:1      | Reached XP level 2. HP: 23/29 MP: 1/1
  1053 | D:2      | Reached XP level 3. HP: 36/36 MP: 2/2
  1474 | D:3      | Reached skill level 1 in Throwing
  1500 | D:3      | Found a blossoming altar of Fedhas.
  1512 | D:3      | Reached XP level 4. HP: 40/44 MP: 3/3
  1539 | D:3      | Found a glowing golden altar of the Shining One.
  1539 | D:3      | Found a stormy altar of Qazlal.
  1539 | D:3      | Found a glowing silver altar of Zin.
  1545 | D:3      | Found an oddly glowing altar of Pakellas.
  1545 | D:3      | Found a sacrificial altar of Ru.
  1683 | D:3      | Found an iron altar of Okawaru.
  1992 | D:4      | Noticed a phantom
  2007 | D:4      | Killed a phantom
  2007 | D:4      | Reached skill level 1 in Shields
  2007 | D:4      | Reached skill level 5 in Unarmed Combat
  2007 | D:4      | Reached XP level 5. HP: 39/53 MP: 4/4
  2053 | D:4      | Found a staircase to the Ecumenical Temple.
  2066 | Temple   | Entered the Ecumenical Temple
  2085 | Temple   | Became a worshipper of Cheibriados the Contemplative
  2085 | Temple   | Reached * piety under Cheibriados
  2085 | Temple   | Reached ** piety under Cheibriados
  2133 | D:4      | Reached XP level 6. HP: 44/61 MP: 5/5
  2445 | D:4      | Reached skill level 1 in Invocations
  2919 | D:5      | Entered Level 5 of the Dungeon
  2930 | D:5      | Reached skill level 6 in Unarmed Combat
  2930 | D:5      | Reached XP level 7. HP: 56/67 MP: 6/6
  3013 | D:5      | Found a shimmering altar of Xom.
  3149 | D:5      | Reached *** piety under Cheibriados
  3475 | D:6      | Reached XP level 8. HP: 76/78 MP: 8/8
  3506 | D:6      | Found a sand-covered staircase.
  3511 | Ossuary  | Entered an ossuary
  3672 | Ossuary  | Reached skill level 7 in Unarmed Combat
  3802 | Ossuary  | Reached **** piety under Cheibriados
  3860 | Ossuary  | Reached skill level 5 in Throwing
  4505 | D:7      | Noticed st0uf's ghost (novice FoAK)
  4516 | D:7      | Killed st0uf's ghost
  4516 | D:7      | Reached skill level 8 in Unarmed Combat
  4516 | D:7      | Reached XP level 9. HP: 55/85 MP: 8/10
  4594 | D:7      | Reached ***** piety under Cheibriados
  4726 | D:7      | Got a glittering turquoise ring
  4730 | D:7      | Identified the ring "Isymmico" {Fire rPois Str+8 Dex-4 Stlth+} (You found it on level 7 of the Dungeon)
  5464 | D:8      | Found a staircase to the Lair.
  5863 | D:9      | Reached skill level 9 in Unarmed Combat
  5865 | D:9      | Noticed Grum
  5875 | D:9      | Killed Grum
  5875 | D:9      | Reached XP level 10. HP: 94/94 MP: 12/12
  5877 | D:9      | Reached skill level 5 in Fighting
  6269 | D:9      | Reached ****** piety under Cheibriados
  6721 | D:10     | Entered Level 10 of the Dungeon
  6913 | D:10     | Found a staircase to the Orcish Mines.
  6947 | D:10     | Reached skill level 10 in Unarmed Combat
  6947 | D:10     | Reached skill level 5 in Invocations
  6949 | D:10     | Reached skill level 5 in Shields
  6976 | D:10     | Reached XP level 11. HP: 86/105 MP: 13/13
  7077 | D:10     | Found a shimmering altar of Xom.
  7310 | D:10     | Noticed an unseen horror
  7339 | D:10     | Killed an unseen horror
  7591 | D:10     | Noticed a hill giant
  7593 | D:10     | Killed a hill giant
  8147 | D:11     | Found a shadowy altar of Dithmenos.
  8642 | D:12     | Found Moitiga's Jewellery Boutique.
  8682 | D:12     | Bought a cursed amulet of inaccuracy for 30 gold pieces
  8682 | D:12     | Bought an uncursed ring of flight for 262 gold pieces
  8713 | D:12     | Noticed a seven-headed hydra
  8722 | D:12     | HP: 4/105 [seven-headed hydra (8)]
  8722 | D:12     | Slain by a seven-headed hydra

Vault maps used:
D:1:      minmay_arrival_semitransparent, minmay_misc_feat_five,
          nrook_mini_vaults
D:2:      first_bread, minmay_misc_feat_plants, kennysheep_potato
D:3:      okawaru_gym_becter, minmay_overflow_temple_hex
D:4:      minmay_temple_entry_purple_smoke, grunt_decor_cap,
          minmay_strange_pillars, grunt_ministairs_5
D:5:      old_standard_altar, serial_bayou_pond_e
D:6:      nicolae_ossuary_entry_ruins
D:8:      wad_arrow_thing, lair_0_dummy
D:9:      hangedman_little_slice_of_home, uniq_grum
D:10:     kennysheep_orc_monster_closet_entryway, basic_altar
D:11:     basic_altar, minmay_misc_feat_chi
D:12:     serial_shops, shop, minmay_hidden_floor
Temple:   zaba_magenta_temple_12
Ossuary:  ossuary_boxes_badplayer

Skill      XL: |  1  2  3  4  5  6  7  8  9 10 11 |
---------------+----------------------------------+-----
Throwing       | 1 2 3 4 5 7 8 |  8.6
Fighting       | 3 4 5 6 |  6.2
Shields        | 1 2 3 4 5 |  5.7
Unarmed Combat | 5 6 8 9 10 | 10.8
Invocations    | 1 3 4 5 |  5.8
Dodging        | 3 4 |  4.6
Stealth        | |  1.1

Action                   |  1- 3 |  4- 6 |  7- 9 | 10-12 || total
-------------------------+-------+-------+-------+-------++-------
Melee: Unarmed           |   100 |   123 |   384 |   445 ||  1052
Throw: Large rock        |       |     2 |     3 |     6 ||    11
Invok: Bend Time         |       |       |       |     3 ||     3
  Use: Scroll            |       |     6 |     3 |     3 ||    12
       Potion            |       |       |       |     1 ||     1
 Stab: Sleeping          |     1 |       |    12 |     9 ||    22
       Distracted        |       |       |     1 |     1 ||     2
  Eat: Chunk             |    18 |    10 |    21 |    21 ||    70
Armor: Robe              |    32 |    22 |    68 |    54 ||   176
Dodge: Dodged            |    36 |    28 |    92 |    71 ||   227
Block: Shield            |    23 |    37 |   113 |       ||   173
       Large shield      |       |       |    71 |   392 ||   463
